 Dungeon Crawl Stone Soup version 0.29.1-12-g30fa7ad0bf (webtiles) character file.

Game seed: 3833180221515073465

63 boopmooplesden the Chopper (level 3, -2/33 HPs)
             Began as a Minotaur Berserker on Jan 14, 2023.
             Was a Believer of Trog.
             Slain by Natasha (4 damage)
             ... on level 2 of the Dungeon.
             The game lasted 00:01:50 (1746 turns).

boopmooplesden the Chopper (Minotaur Berserker)     Turns: 1746, Time: 00:01:51

Health: -2/33      AC:  3    Str: 23    XL:     3   Next: 87%
Magic:  2/2        EV: 12    Int:  4    God:    Trog [**....]
Gold:   87         SH:  0    Dex:  9    Spells: 2/2 levels left

rFire   . . .      SeeInvis .   a - +0 hand axe
rCold   . . .      Faith    .   (no shield)
rNeg    . . .      Spirit   .   e - +0 leather armour
rPois   .          Reflect  .   (helmet restricted)
rElec   .          Harm     .   (no cloak)
rCorr   .          Rampage  .   (no gloves)
Will    .....                   (no boots)
Stlth   +.........              (no amulet)
HPRegen 0.11/turn               (no ring)
MPRegen 0.08/turn               (no ring)

@: no status effects
A: horns 2, retaliatory headbutt
a: Renounce Religion, Berserk, Trog's Hand


You were on level 2 of the Dungeon.
You worshipped Trog.
Trog was pleased with you.
You visited 1 branch of the dungeon, and saw 2 of its levels.

You collected 87 gold pieces.

Inventory:

Hand Weapons
 a - a +0 hand axe (weapon)
Armour
 e - a +0 leather armour (worn)
 i - a +0 chain mail
Scrolls
 f - a scroll of poison {unknown}
 h - a scroll of fog
 j - a scroll of teleportation {unknown}
 k - a scroll of identify
Potions
 b - a potion of might {unknown}
 c - a potion of heal wounds {unknown}
 d - 2 potions of haste
 g - a potion of degeneration
 l - a potion of berserk rage {unknown}


   Skills:
 + Level 4.2 Fighting
 + Level 5.0 Axes
 + Level 2.7 Armour
 + Level 2.4 Dodging
 + Level 0.2 Stealth


You had 2 spell levels left.
You didn't know any spells.
Your spell library was empty.

Dungeon Overview and Level Annotations

Branches:
Dungeon (2/15)

Altars:

Annotations:
D:2 Natasha


Innate Abilities, Weirdness & Mutations

You have a pair of horns on your head.
You reflexively headbutt those who attack you in melee.


Message History

Natasha casts a spell.
You hit Natasha.
Natasha is heavily wounded.
You hit the crimson imp. Natasha claws you.
The crimson imp blinks!
Natasha closely misses you.
You hit Natasha but do no damage.
Natasha is heavily wounded.
Natasha closely misses you.
You hit Natasha but do no damage.
Natasha is heavily wounded.
Natasha casts a spell at you. You resist with significant effort.
You closely miss Natasha. Your headbutt misses Natasha.
Natasha is heavily wounded.
You closely miss the crimson imp.
The crimson imp blinks!
Natasha claws you.
You barely miss Natasha. Your headbutt misses Natasha.
Natasha is heavily wounded.
Natasha barely misses you.
You completely miss Natasha. Your headbutt misses Natasha.
Natasha is heavily wounded.
The crimson imp blinks!
Natasha misses you.
You hit Natasha. Your punch misses Natasha.
Natasha is severely wounded.
The crimson imp summons a swarm of flies.
Natasha stares at you and mumbles some strange words.
The magic dart hits you.
You hit Natasha.
Natasha is almost dead.
Natasha claws you.
You hit Natasha but do no damage.
Natasha is almost dead.
You hit the crimson imp but do no damage.
The crimson imp hits you. Natasha claws you.
* * * LOW HITPOINT WARNING * * *
You closely miss Natasha.
Natasha is almost dead.
You closely miss the crimson imp. The crimson imp hits you.
* * * LOW HITPOINT WARNING * * *
Natasha claws you.
You die...

#>.. ### .... ..#
#..##.# #..#.# #
#.#.####
#.#####....[.##########
#......##.##...........
#......................
##....@####.#.........#
#...5h# #.#.........#
#.....# #........)..#
#.....# ###.........#
#....$# ####..........
#....)# #..........#..
#...### #.............
#... #.............
#..........#..


You could see Natasha and a crimson imp (summoned).

Vanquished Creatures
  2 adders (D:2)
  A worm (D:1)
  3 dart slugs
  7 endoplasms
  2 giant cockroaches
  2 goblins
  2 hobgoblins (D:1)
  2 quokkas
  2 bats (D:2)
  2 frilled lizards (D:1)
  4 kobolds
  4 rats
  2 toadstools (D:1)
35 creatures vanquished.

Vanquished Creatures (others)
  2 toadstools (D:1)
2 creatures vanquished.

Grand Total: 37 creatures vanquished

Notes
Turn   | Place    | Note
-------+----------+-------------------------------------------
     0 | D:1      | boopmooplesden the Minotaur Berserker began the quest for
                  | the Orb.
     0 | D:1      | Reached XP level 1. HP: 19/19 MP: 0/0
   194 | D:1      | Reached skill level 4 in Axes
   194 | D:1      | Reached XP level 2. HP: 11/27 MP: 1/1
  1203 | D:2      | Reached XP level 3. HP: 25/33 MP: 2/2
  1319 | D:2      | Reached ** piety under Trog
  1562 | D:2      | Reached skill level 5 in Axes
  1733 | D:2      | Noticed Natasha
  1746 | D:2      | Slain by Natasha

Illustrated notes

Levels and vault maps discovered:
D:1:      ldierk_water_garden, layout_rooms, nicolae_wormholes
D:2:      layout_basic, uniq_natasha

Skill      XL: |  1  2  3 |
---------------+----------+-----
Axes           | 4 5 |  5.0
Fighting       | 4 |  4.2
Armour         | |  2.7
Dodging        | |  2.4
Stealth        | |  0.2

Action                   || total
-------------------------++-------
Melee: Hand axe          ||    80
       Headbutt          ||    10
Invok: Berserk           ||     1
  Use: Scroll            ||     3
Armor: Animal skin       ||    13
       Leather armour    ||     5
Dodge: Dodged            ||    55
